 Dungeon Crawl Stone Soup version 0.25.0-11-g1f837a76a1 (webtiles) character file.

Game seed: 15549888348387569925

133 dengdeng the Chopper (level 4, -5/41 HPs)
             Began as a Minotaur Berserker on June 25, 2020.
             Was a Believer of Trog.
             Splashed by Ijyb's acid (8 damage)
             ... on level 3 of the Dungeon.
             The game lasted 00:09:03 (2114 turns).

dengdeng the Chopper (Minotaur Berserker)           Turns: 2114, Time: 00:09:05

Health: -5/41      AC:  5    Str: 23    XL:     4   Next: 93%
Magic:  3/3        EV:  9    Int:  4    God:    Trog [**....]
Gold:   122        SH:  0    Dex:  9    Spells: 3/3 levels left

rFire    . . .     SeeInvis .   a - +0 hand axe
rCold    . . .     Gourm    .   (no shield)
rNeg     . . .     Faith    .   g - +0 chain mail
rPois    .         Spirit   .   (helmet restricted)
rElec    .         Reflect  .   (no cloak)
rCorr    .         Harm     .   (no gloves)
MR       .....     Rnd*Tele +   (no boots)
Stlth    ..........             (no amulet)
HPRegen  0.13/turn              o - ring of teleportation (curse)
MPRegen  0.08/turn              (no ring)

@: corroded
A: retaliatory headbutt, horns 2
a: Berserk, Trog's Hand, Renounce Religion


You were on level 3 of the Dungeon.
You worshipped Trog.
Trog was pleased with you.
You were not hungry.

You visited 1 branch of the dungeon, and saw 3 of its levels.

You collected 122 gold pieces.

Inventory:

Hand Weapons
 a - a +0 hand axe (weapon)
Missiles
 e - 110 stones (quivered)
 n - 2 silver javelins
Armour
 g - a +0 chain mail (worn)
Jewellery
 o - a cursed ring of teleportation (left hand)
Scrolls
 d - 3 scrolls of enchant armour {unknown}
 h - 2 scrolls of enchant weapon {unknown}
 i - 4 scrolls of identify {unknown}
 q - a scroll of fear {unknown}
 r - a scroll of blinking {unknown}
 s - 2 scrolls of remove curse {unknown}
 u - a scroll of random uselessness {unknown}
 w - a scroll of teleportation {unknown}
 x - a scroll of magic mapping {unknown}
Potions
 b - a potion of berserk rage {unknown}
 f - 2 potions of lignification {unknown}
 j - 2 potions of mutation {unknown}
 k - 2 potions of curing {unknown}
 l - a potion of haste {unknown}
 m - a potion of degeneration {unknown}
 p - a potion of cancellation {unknown}
 t - a potion of brilliance {unknown}
 z - a potion of ambrosia {unknown}
Comestibles
 c - 5 rations


   Skills:
 + Level 4.5 Fighting
 + Level 5.1 Axes
 * Level 3.7 Armour
 + Level 2.7 Dodging
 + Level 0.3 Stealth


You had 3 spell levels left.
You didn't know any spells.
Your spell library was empty.

Dungeon Overview and Level Annotations

Branches:
Dungeon (3/15)

Altars:

Annotations:
D:3 Ijyb


Innate Abilities, Weirdness & Mutations

You reflexively headbutt those who attack you in melee.
You have a pair of horns on your head.


Message History

Ijyb zaps a wand.
The bolt of acid misses you.
All of the chunks of flesh in your inventory have rotted away.
You closely miss Ijyb. Ijyb misses you. You furiously retaliate!
You headbutt Ijyb! You hit Ijyb.
Ijyb is heavily wounded.
Ijyb barely misses you.
Your chain mail prevents you from hitting Ijyb.
Ijyb is heavily wounded.
Ijyb hits you but does no damage.
You hit Ijyb.
Ijyb is severely wounded.
Ijyb hits you but does no damage.
You hit Ijyb. Your headbutt misses Ijyb.
Ijyb is almost dead.
Ijyb zaps a wand.
The bolt of acid hits you!
You are splashed with acid!
Ijyb zaps a wand.
The bolt of acid hits you!
* * * LOW HITPOINT WARNING * * *
The acid corrodes you!
You are splashed with acid!
You die...

.#.# ### .#.# #.# .#
...# #.# .# #..# #.# .#
#..# #.# .# #..# #.# .#
#..# #.# .# #..##
#.########.#####
#...####........@g....#
.................######
..#.####..########
......##..# ..#...##..#
..#...##..###
............#
..##..##..#.
......)...#.


You could see Ijyb.

Vanquished Creatures
  5 adders
  3 oozes
  2 worms (D:2)
  3 leopard geckos
  3 orcs (D:3)
  4 giant cockroaches
  8 goblins
  7 hobgoblins
  6 jackals (D:1)
  4 kobolds
  A quokka (D:3)
  8 bats
  A frilled lizard (D:1)
  4 rats
59 creatures vanquished.

Notes
Turn   | Place    | Note
-------+----------+-------------------------------------------
     0 | D:1      | dengdeng the Minotaur Berserker began the quest for the
                  | Orb.
     0 | D:1      | Reached XP level 1. HP: 19/19 MP: 0/0
   249 | D:1      | Reached XP level 2. HP: 24/27 MP: 1/1
   379 | D:1      | Reached skill level 4 in Axes
   527 | D:1      | Reached ** piety under Trog
   534 | D:1      | Reached XP level 3. HP: 31/33 MP: 2/2
  1204 | D:2      | Reached XP level 4. HP: 34/41 MP: 3/3
  1916 | D:3      | Reached skill level 5 in Axes
  2106 | D:3      | Noticed Ijyb
  2114 | D:3      | Splashed by Ijyb's acid

Illustrated notes

Levels and vault maps discovered:
D:1:      saegor_arrival_simple_b, layout_basic, chequers_serial_rivers_large_b
D:2:      layout_loops_ring, first_ration, minmay_misc_feat_iff
D:3:      layout_basic, lemuel_blue_sif_altar, uniq_ijyb

Skill      XL: |  1  2  3  4 |
---------------+-------------+-----
Fighting       | 4 |  4.5
Axes           | 4 5 |  5.1
Armour         | 3 |  3.7
Dodging        | |  2.7
Stealth        | |  0.3

Action                   |  1- 3 |  4- 6 || total
-------------------------+-------+-------++-------
Melee: Hand axe          |    62 |    68 ||   130
       Headbutt          |    11 |     9 ||    20
 Stab: Sleeping          |     1 |       ||     1
  Eat: Chunk             |     1 |     3 ||     4
Armor: Animal skin       |     4 |       ||     4
       Leather armour    |    16 |     3 ||    19
       Chain mail        |       |    24 ||    24
Dodge: Dodged            |    49 |    48 ||    97
